[Event "26th OIBM 2023"]
[Site "Gmund am Tegernsee"]
[Date "2023.11.04"]
[Round "8.41"]
[White "Barthel, Ansgar"]
[Black "Bettalli, Francesco"]
[Result "0-1"]
[ECO "A37"]
[WhiteElo "2056"]
[BlackElo "2274"]
[Annotator "ChessBase"]
[PlyCount "106"]
[EventDate "2023.10.04"]
[EventType "swiss"]
[EventCountry "GER"]
[SourceTitle "playchess.com"]
[Source "ChessBase"]
[SourceQuality "1"]
[TimeControl "40/5400+30:1800+30"]

1. Nf3 g6 2. g3 Bg7 3. Bg2 c5 4. c4 Nc6 5. Nc3 d6 6. O-O e6 7. d3 Nge7 8. Bd2 O-O 9. e3 Rb8 10. Rb1 b6 11. a3 Bb7 12. b4 Qd7 13. Qe2 h6 14. Rfd1 e5 15. Ne1 Rbe8 16. b5 Nd8 17. Bxb7 Qxb7 18. Qf3 Qd7 19. Nd5 f5 20. Ng2 Ne6 21. Nxe7+ Rxe7 22. Qd5 Kh7 23. f4 Nc7 24. Qb7 Ra8 25. a4 Qe8 26. Qc6 Qxc6 27. bxc6 Rb8 28. Rb3 Na6 29. fxe5 dxe5 30. e4 Rc7 31. Ne3 Rxc6 32. exf5 Nc7 33. fxg6+ Kxg6 34. a5 Rd6 35. axb6 axb6 36. Rdb1 e4 37. Nd5 Nxd5 38. cxd5 Bd4+ 39. Kg2 e3 40. Be1 Kg5 41. Kf3 Rf8+ 42. Ke2 Rff6 43. g4 Kxg4 44. Bg3 Rxd5 45. Rxb6 Rdf5 46. Rxf6 Rxf6 47. Rg1 Ra6 48. Bc7+ Kf5 49. Rf1+ Ke6 50. Bf4 Kd5 51. Bxe3 Ra2+ 52. Bd2 Bc3 53. Rd1 Kd4 0-1

[Event "26th OIBM 2023"]
[Site "Gmund am Tegernsee"]
[Date "2023.11.04"]
[Round "8.42"]
[White "Ahlberg, Mario"]
[Black "Neukirchner, Pascal"]
[Result "0-1"]
[ECO "B22"]
[WhiteElo "2011"]
[BlackElo "2265"]
[Annotator "ChessBase"]
[PlyCount "132"]
[EventDate "2023.10.04"]
[EventType "swiss"]
[EventCountry "GER"]
[SourceTitle "playchess.com"]
[Source "ChessBase"]
[SourceQuality "1"]
[TimeControl "40/5400+30:1800+30"]

1. e4 c5 2. Nf3 Nc6 3. Bb5 e5 4. c3 a6 5. Ba4 b5 6. Bc2 d5 7. a4 b4 8. d3 Nf6 9. Bg5 dxe4 10. dxe4 Qxd1+ 11. Kxd1 c4 12. cxb4 Bg4 13. Nbd2 Bxb4 14. h3 Bxd2 15. Kxd2 O-O-O+ 16. Kc3 Bxf3 17. gxf3 Nd4 18. Rhd1 Nxf3 19. Be3 Kb7 20. Kxc4 Rc8+ 21. Kb3 Rc6 22. Rac1 Rhc8 23. Bd3 Nd4+ 24. Ka3 Nc2+ 25. Rxc2 Rxc2 26. Bxc2 Rxc2 27. Kb3 Rc6 28. f3 Kc7 29. Ka2 Ne8 30. Rc1 Nd6 31. Rxc6+ Kxc6 32. Ka3 Kc7 33. b3 Kc6 34. Kb4 Nb7 35. Kc4 g6 36. b4 Nd6+ 37. Kd3 f5 38. Bh6 Nf7 39. Bf8 Ng5 40. exf5 gxf5 41. Kc4 Nxf3 42. Bh6 Nd4 43. Bg7 Kd6 44. Bf8+ Ke6 45. Bc5 Nc6 46. Bb6 f4 47. b5 axb5+ 48. axb5 Ne7 49. Bc5 Nc8 50. Bg1 Nd6+ 51. Kc5 e4 52. Kd4 Kf5 53. b6 Nb7 54. Bf2 Na5 55. Be1 Nb7 56. Bf2 f3 57. Be3 Na5 58. Kd5 h5 59. Kd4 Nb7 60. Kd5 Na5 61. Kc5 Ke5 62. h4 Ke6 63. Kd4 Kf5 64. Bg1 Kf4 65. Bh2+ Kg4 66. Bg1 Kxh4 0-1

[Event "26th OIBM 2023"]
[Site "Gmund am Tegernsee"]
[Date "2023.11.04"]
[Round "8.43"]
[White "Wyss, Jonas"]
[Black "Roettig, Hans-Peter"]
[Result "1-0"]
[ECO "B23"]
[WhiteElo "2265"]
[BlackElo "1995"]
[Annotator "ChessBase"]
[PlyCount "113"]
[EventDate "2023.10.04"]
[EventType "swiss"]
[EventCountry "GER"]
[SourceTitle "playchess.com"]
[Source "ChessBase"]
[SourceQuality "1"]
[TimeControl "40/5400+30:1800+30"]

1. e4 c5 2. Nc3 Nc6 3. Bb5 Nd4 4. Nf3 g6 5. Bc4 Bg7 6. Nxd4 cxd4 7. Qf3 Nf6 8. Nb5 d5 9. exd5 O-O 10. Nxd4 Ng4 11. c3 Qc7 12. d3 Ne5 13. Qg3 Qb6 14. O-O Nxc4 15. dxc4 Bd7 16. b3 Bxd4 17. cxd4 Qxd4 18. Be3 Qg7 19. Qc7 Bf5 20. Qxb7 e5 21. Rad1 a5 22. d6 Rab8 23. Qe7 Rfd8 24. Bg5 Rd7 25. Qf6 a4 26. c5 Be4 27. Rfe1 Bc6 28. Rxe5 axb3 29. axb3 h6 30. Bh4 Rxb3 31. Rde1 Kh7 32. h3 g5 33. Qxg7+ Kxg7 34. Bg3 Kg6 35. Re7 Rd3 36. Rxd7 Bxd7 37. Re7 Rd1+ 38. Kh2 Bb5 39. Rb7 Ba4 40. Rb4 Bd7 41. Rb6 Rc1 42. Rb7 Ba4 43. d7 Bxd7 44. Rxd7 Rxc5 45. Bc7 Rc2 46. Rd6+ Kg7 47. Bb6 Ra2 48. Bd4+ Kh7 49. g4 Rc2 50. Rd8 Rd2 51. Kg2 Rd3 52. Rh8+ Kg6 53. Rg8+ Kh7 54. Rg7+ Kh8 55. Be5 f6 56. Bxf6 Rd6 57. Be5 1-0

[Event "26th OIBM 2023"]
[Site "Gmund am Tegernsee"]
[Date "2023.11.04"]
[Round "8.44"]
[White "Czap, Bernard"]
[Black "Weitzer, Steffen"]
[Result "0-1"]
[ECO "A10"]
[WhiteElo "2028"]
[BlackElo "2256"]
[Annotator "ChessBase"]
[PlyCount "78"]
[EventDate "2023.10.04"]
[EventType "swiss"]
[EventCountry "GER"]
[SourceTitle "playchess.com"]
[Source "ChessBase"]
[SourceQuality "1"]
[TimeControl "40/5400+30:1800+30"]

1. c4 d6 2. g3 c5 3. Bg2 e5 4. Nc3 g6 5. a3 Nc6 6. Rb1 Bg7 7. b4 Nge7 8. Nf3 O-O 9. O-O f5 10. Nd5 h6 11. d3 cxb4 12. Nxe7+ Qxe7 13. axb4 g5 14. b5 Nd8 15. Ba3 Ne6 16. Nd2 Nc5 17. Nb3 Be6 18. Na5 Rab8 19. Qd2 f4 20. d4 exd4 21. Bb2 Qc7 22. Bd5 Bxd5 23. cxd5 Ne4 24. Qb4 Nc3 25. Bxc3 dxc3 26. Nc4 Rbd8 27. b6 axb6 28. Nxb6 Rfe8 29. gxf4 gxf4 30. Qxf4 Rxe2 31. Nc4 Qd7 32. Rb6 Rf8 33. Qg3 c2 34. Rxd6 Qf7 35. Ne3 Rxf2 36. Rc1 Rf3 37. Qe1 Bd4 38. Re6 Rxe3 39. Rxe3 Qf3 0-1

[Event "26th OIBM 2023"]
[Site "Gmund am Tegernsee"]
[Date "2023.11.05"]
[Round "9.1"]
[White "Golubka, Petro"]
[Black "Lagarde, Maxime"]
[Result "0-1"]
[ECO "C01"]
[WhiteElo "2434"]
[BlackElo "2626"]
[Annotator "TA"]
[PlyCount "142"]
[EventDate "2023.10.04"]
[EventType "swiss"]
[EventCountry "GER"]
[SourceTitle "playchess.com"]
[Source "ChessBase"]
[SourceQuality "1"]
[TimeControl "40/5400+30:1800+30"]

1. e4 e6 2. d4 d5 3. exd5 exd5 4. Nf3 Nc6 5. Nc3 Bb4 6. Bb5 {[%emt 0:00:45] C01: French: Exchange Variation.} Nge7 7. h3 a6 {[%emt 0:07:41] [#]} 8. Bd3 $146 {[%emt 0:01:29] The position is equal.} ({Predecessor:} 8. Ba4 b5 9. Bb3 Bxc3+ 10. bxc3 Na5 11. Ba3 O-O 12. O-O c6 13. Re1 Re8 14. Qe2 {½-½ Efentakis,N (1791)-Tepelenis,N (2273) Athens Smaok op 4th 2010 (3)}) 8... f6 9. Bd2 Bd6 10. Ne2 Nb4 11. Bxb4 Bxb4+ 12. c3 {[%emt 0:00:08] Qa4+ is the strong threat.} Bd6 13. Qc2 Kf7 14. h4 (14. Bxh7 $2 g6 15. Bxg6+ Nxg6 $19) (14. O-O-O $14 {feels stronger.}) 14... Qd7 15. h5 (15. Bxh7 $2 Qg4 16. Kf1 Rxh7 17. Qxh7 Bf5 $19) 15... Qg4 16. Kf1 Bf5 17. Bxf5 (17. c4 {feels hotter.} Bxd3 18. Qxd3 dxc4 19. Qxc4+ Qe6 20. Qc2) 17... Qxf5 18. Qxf5 Nxf5 19. Re1 g5 20. hxg6+ hxg6 21. Rxh8 Rxh8 22. g3 g5 23. Kg2 Re8 24. Kf1 a5 25. a4 b6 26. Nc1 Rh8 27. Kg2 c5 28. Nb3 Rb8 29. Ra1 Ke6 30. Nfd2 cxd4 {[%emt 0:02:40] Black is more active.} 31. Re1+ (31. Nxd4+ $17 {is a better defense.} Nxd4 32. cxd4) 31... Kd7 $19 32. c4 (32. Nxd4 $142 Nxd4 33. cxd4) 32... Bb4 {[%emt 0:16:48] Hoping for ...dxc4.} 33. cxd5 b5 34. Ra1 Kd6 $1 ({And not} 34... bxa4 35. Rxa4 Kd6 36. Ne4+ Ke5 37. Nec5 $17) 35. Ne4+ (35. Kf1 $142) 35... Kxd5 36. Nxf6+ Kc4 37. Nc5 Bxc5 38. Rc1+ Kb4 39. Nd5+ Kxa4 40. Rxc5 {[%emt 0:00:08][%mdl 4096] Endgame KRN-KRN} Kb3 41. Nc7 (41. Nf6 $142 Nh6 42. Nd7) 41... Nd6 42. Rd5 Rb6 43. Rxd4 Kxb2 44. Nd5 Ra6 45. f4 gxf4 46. g4 a4 47. Nb4 Kc3 48. Rxf4 Ra7 49. Nd5+ Kc2 50. Rf6 Nc4 {[%emt 0:00:00] And now ...a3 would win.} 51. Rf2+ Kd3 52. Nb4+ Kc3 53. Na2+ Kd4 54. Rf4+ Ke3 $2 (54... Kc5 $19 55. Rf5+ Kb6) 55. Rf3+ $11 Kd2 (55... Ke4 $5 56. Nc3+ $8 Ke5 57. Nxb5 (57. Rf5+ Ke6 $15) 57... Rb7 $11) 56. Rf2+ $1 Kd3 $2 (56... Ke1 $11 57. Nc3 Re7) 57. Nb4+ $19 Ke4 58. Kg3 a3 $2 (58... Rg7 $19 59. Rf4+ Ke3) 59. Rf4+ $2 (59. Re2+ $1 $11 {and White stays safe.} Kd4 60. Nc6+ Kd3 61. Nxa7) 59... Ke3 60. Rf5 {[%emt 0:00:00] Inhibits Ne5.} Nd6 ({Inferior is} 60... a2 61. Nxa2 Nd6 62. Rd5 $15) (60... Rb7 $1 $19 {Strongly threatening ...Kd2.} 61. Rf3+ Ke4 62. Rf4+ Ke5) 61. Rf3+ $2 (61. Rd5 $1 $15) 61... Ke2 62. Rf2+ Kd1 $1 {[%emt 0:01:17] Threatens to win with ...Ne4+.} 63. Ra2 {[%emt 0:01:52] [#]} Ne4+ $2 (63... Kc1 $1 $19 64. Rg2 Kb1) 64. Kf3 $1 $11 Nc3 65. Ra1+ $2 (65. Rh2 $1 $11) 65... Kd2 $19 {[%emt 0:00:05] aiming for ...Ra4.} 66. g5 {[%emt 0:00:09] [#]} a2 ({Better is} 66... Rf7+ $1 $17 67. Kg4 Ne2) 67. Nxa2 $2 Nxa2 {[%emt 0:01:14] Black is clearly winning.} 68. g6 b4 69. Kf4 b3 70. Rg1 b2 71. Kg5 Nc1 {[%emt 0:00:21] Weighted Error Value: White=0.29 (precise) /Black=0.29 (precise)} 0-1

[Event "26th OIBM 2023"]
[Site "Gmund am Tegernsee"]
[Date "2023.11.05"]
[Round "9.2"]
[White "Gopal G.N."]
[Black "Vetoshko, Volodymyr"]
[Result "1/2-1/2"]
[ECO "B42"]
[WhiteElo "2573"]
[BlackElo "2499"]
[Annotator "TA"]
[PlyCount "77"]
[EventDate "2023.10.04"]
[EventType "swiss"]
[EventCountry "GER"]
[SourceTitle "playchess.com"]
[Source "ChessBase"]
[SourceQuality "1"]
[TimeControl "40/5400+30:1800+30"]

1. e4 c5 2. Nf3 e6 3. d4 cxd4 4. Nxd4 a6 5. Bd3 Bc5 6. Nb3 Ba7 7. Qe2 $1 {[%emt 0:00:51] 7.Qe2 scores better than 7.0-0.} Ne7 {[%emt 0:00:57] B42: Sicilian: Kan Variation: 5 Bd3.} 8. Be3 O-O 9. Nc3 b5 {[%emt 0:01:54] White has an edge.} 10. f4 (10. e5 $5 ) 10... Nbc6 11. Bxa7 Rxa7 12. O-O-O b4 13. Na4 d6 14. Qe3 {[%emt 0:01:34] [#]} Bd7 $146 ({Predecessor:} 14... Qc7 15. h4 Bd7 16. h5 Rb8 17. h6 g6 18. Qg3 f6 19. e5 dxe5 20. f5 e4 21. Qxc7 Rxc7 22. fxe6 exd3 23. exd7 Rxd7 {1-0 Kramnik,V (2753)-Kamsky,G (2665) Titled Tuesday intern op 11th Apr Late blitz 2023 (10)}) 15. h4 Nc8 (15... Qc7 $5 ) 16. e5 Nxe5 {[%emt 0:35:44][%mdl 64] [#] Discovered Attack} 17. fxe5 Bxa4 18. exd6 $40 {[%emt 0:06:20][%mdl 128] White mounts an attack.} Bxb3 ({Black should play} 18... Bb5 $14) 19. axb3 $16 Rd7 {[%emt 0:03:39] Black is weak on the light squares} 20. Qe4 {[%emt 0:04:45][%csl Gd3][%cal Re4h7] White is much more active.} (20. Bxa6 Qa5 21. Bxc8 Rxc8 $19) 20... g6 21. Qxb4 ({Worse is} 21. Bxa6 Qb6 22. Bxc8 Rxc8 $17) 21... Rxd6 22. Qf4 Qe7 23. h5 Nb6 (23... g5 $16 {keeps fighting.} 24. Qe3 Rfd8) 24. hxg6 (24. Bxa6 $2 Nd5 25. Rxd5 Rxd5 26. hxg6 fxg6 $19) 24... fxg6 25. Qg3 {[%emt 0:04:42][%cal Oh1h7] Rxh7! is the strong threat.} e5 26. Be4 {[%emt 0:02:33] Dodges e4} Rfd8 27. Rd3 Rxd3 28. Bxd3 Rd6 29. Bxa6 Qa7 30. Qxe5 Qxa6 31. Qe8+ Kg7 32. Qe7+ Kg8 33. Qxh7+ Kf8 {[%emt 0:00:02][%cal Ra6a1] [#]} 34. Kb1 {[%emt 0:01:15] Against Qa1+} (34. Qh8+ $1 $16 Kf7 35. Rh7+ Ke6 36. Qg8+ Kf5 37. Qf8+ Ke5 38. Re7+ Re6 39. Qh8+ (39. Qg7+ Kd6 $16) 39... Kd5 40. c4+ (40. Qd8+ Rd6 $14) 40... Nxc4 41. Rxe6 Qxe6 42. bxc4+ Kxc4 43. Qc3+ Kb5 44. Qd3+ Kb6 45. Qd4+ Ka6 46. Kd2) 34... Nd7 $11 {[%emt 0:01:34] The position is equal.} 35. Re1 {[%emt 0:01:33] Strongly threatening Qh8+.} Re6 36. Rd1 {[%emt 0:00:44] Hoping for Qh8+.} Rd6 37. Re1 {[%emt 0:00:57] And now Qh8+ would win.} Re6 38. Rh1 {[%emt 0:00:50] Threatening mate with Qh8+.} Ke8 39. Rd1 {[%emt 0:00:22] Black defended with fortune.   Weighted Error Value: White=0.11 (very precise) /Black=0.10 (very precise)} 1/2-1/2

[Event "26th OIBM 2023"]
[Site "Gmund am Tegernsee"]
[Date "2023.11.05"]
[Round "9.3"]
[White "Petrov, Nikita"]
[Black "Vogel, Roven"]
[Result "1/2-1/2"]
[ECO "B14"]
[WhiteElo "2551"]
[BlackElo "2471"]
[Annotator "TA"]
[PlyCount "47"]
[EventDate "2023.10.04"]
[EventType "swiss"]
[EventCountry "GER"]
[SourceTitle "playchess.com"]
[Source "ChessBase"]
[SourceQuality "1"]
[TimeControl "40/5400+30:1800+30"]

1. c4 c6 2. e4 d5 3. exd5 cxd5 4. d4 Nf6 5. Nc3 g6 6. cxd5 Nxd5 7. Bc4 Nb6 8. Bb3 Bg7 9. Nf3 O-O 10. h3 Nc6 11. d5 {[%emt 0:00:08] B14: Caro-Kann: Panov-Botvinnik Attack with 5...e6 and 5...g6.} Na5 12. O-O Bf5 13. Re1 {[%emt 0:03:03] The position is equal.} Re8 14. Ne5 Qd6 15. Bf4 Qb4 {[%emt 0:14:13] [#]} 16. Bh2 $146 ({Predecessor:} 16. Bd2 Nbc4 17. Nxc4 Nxc4 18. a3 Qc5 19. Bxc4 Qxc4 20. Rc1 Rad8 21. g4 Bd7 22. Bg5 {½-½ Rogemont,A (2266)-Andersen,J (2168) EU-ch WS/M/028 email 2011}) 16... Nd7 17. Nxf7 Kxf7 18. g4 $1 Nxb3 19. axb3 {[%emt 0:00:24] [#] Ra4 would be deadly.} Bxc3 20. bxc3 Qxc3 21. gxf5 {[%emt 0:02:48] Strongly threatening Re3.} (21. Re3 $5 Qc2 22. gxf5 Qxd1+ 23. Rxd1 $11) 21... Nf6 (21... Qxh3 $11 22. fxg6+ hxg6) 22. fxg6+ $14 {[%emt 0:03:57] White is slightly better.} ({Of course not} 22. Qe2 Qxh3 23. fxg6+ Kxg6 $15) 22... hxg6 23. Re3 Qc5 24. Re5 {[%emt 0:01:44] Weighted Error Value: White=0.03 (flawless) /Black=0.12 (very precise)} 1/2-1/2

[Event "26th OIBM 2023"]
[Site "Gmund am Tegernsee"]
[Date "2023.11.05"]
[Round "9.4"]
[White "Van Foreest, Lucas"]
[Black "Schneider, Ilja"]
[Result "1/2-1/2"]
[ECO "A11"]
[WhiteElo "2540"]
[BlackElo "2468"]
[Annotator "TA"]
[PlyCount "59"]
[EventDate "2023.10.04"]
[EventType "swiss"]
[EventCountry "GER"]
[SourceTitle "playchess.com"]
[Source "ChessBase"]
[SourceQuality "1"]
[TimeControl "40/5400+30:1800+30"]

1. c4 Nf6 2. g3 c6 3. Nf3 d5 4. Bg2 Bg4 5. Ne5 Be6 6. d4 {[%emt 0:00:23] A11: English Opening: 1...c6.} dxc4 7. O-O Nbd7 8. Qc2 g6 9. Nxc4 Bg7 10. Rd1 O-O 11. e4 {[%emt 0:01:46] White is more active.} Nb6 12. Na5 Qc8 {[%emt 0:00:27] [#]} 13. Nd2 $146 ({Predecessor:} 13. Nc3 Rd8 14. Bf4 Nc4 15. Nxc4 Bxc4 16. Rac1 Be6 17. d5 cxd5 18. Nxd5 Qxc2 19. Rxc2 Nxd5 20. exd5 {½-½ Bai,J (2572)-Acosta,P (2474) Barcelona Sants op 24th 2023 (7)}) 13... Rd8 14. Ndb3 Na4 15. Bf4 Ne8 16. Nc1 (16. Rac1 $16) 16... Nb6 $14 17. Ne2 Nd6 18. Rac1 f5 19. d5 cxd5 {[%emt 0:00:48] [#]} 20. Qb1 ({Don't play} 20. exd5 $6 Qxc2 21. Rxc2 Ne4 $11) 20... Qd7 {[%emt 0:01:59][%cal Rf5e4] [#]} 21. exd5 (21. e5 $1 $16 Nb5 22. Qd3) 21... Bf7 $11 {[%emt 0:00:16] aiming for ...Qb5. The position is equal.} 22. Bxd6 exd6 23. Nf4 Bh6 24. Ne6 {[%emt 0:00:30] Rc7 is the strong threat.} Bxc1 ({Don't do} 24... Bxe6 25. dxe6 Qxe6 26. Rc7 $14) 25. Nxd8 Rxd8 26. Qxc1 Rc8 27. Qd2 Nc4 28. Nxc4 Rxc4 29. b3 Rc5 30. Bf3 {[%emt 0:00:30] Weighted Error Value: White=0.08 (flawless) /Black=0.09 (flawless)} 1/2-1/2

[Event "26th OIBM 2023"]
[Site "Gmund am Tegernsee"]
[Date "2023.11.05"]
[Round "9.5"]
[White "Kargin, Arseny"]
[Black "Stocek, Jiri"]
[Result "0-1"]
[ECO "B53"]
[WhiteElo "2391"]
[BlackElo "2535"]
[Annotator "TA"]
[PlyCount "178"]
[EventDate "2023.10.04"]
[EventType "swiss"]
[EventCountry "GER"]
[SourceTitle "playchess.com"]
[Source "ChessBase"]
[SourceQuality "1"]
[TimeControl "40/5400+30:1800+30"]

1. e4 c5 2. Nf3 d6 3. d4 cxd4 4. Qxd4 Nf6 5. Nc3 Bd7 6. Bg5 {[%emt 0:05:55] B53: Sicilian: 2...d6: Lines with Qxd4.} Nc6 7. Qd2 a6 {[%emt 0:06:01] has lost popularity (7...e6).} 8. O-O-O {[%emt 0:02:11] White is slightly better.} b5 9. a3 {[%emt 0:37:06] [#]} Rb8 $146 ({Predecessor:} 9... h6 10. Bh4 Rb8 11. e5 dxe5 12. Bg3 e6 13. Nxe5 Nxe5 14. Bxe5 b4 15. axb4 Bxb4 {1-0 Quinonez Garcia,S (2240)-Cadena Montoya,G (2186) COL-ch Amateurs U2300 2021 (7)}) 10. Bd3 e6 11. Rhe1 b4 12. axb4 Nxb4 13. Bc4 h6 14. Bf4 (14. Bxf6 {simplifies} gxf6 15. Bb3 Qb6 16. Qf4) 14... Qa5 {[%emt 0:01:37] ( -> ...Qa1+)} 15. Kb1 $36 {[%emt 0:00:06][%mdl 2048] Against Qa1+. Black is under pressure.} (15. Bxd6 $2 Qa1+ 16. Nb1 Na2+ 17. Bxa2 Qxb2#) 15... e5 $1 16. Nd5 Nfxd5 (16... exf4 {looks sharper.} 17. Nxf6+ gxf6 18. e5 Kd8) 17. exd5 Ba4 ({Better is} 17... f6 $1 $15 18. Qe2 Be7) 18. Bxe5 dxe5 (18... Bxc2+ $11 19. Qxc2 Qa1+ {[%mdl 64] Decoy} 20. Kxa1 Nxc2+ 21. Ka2 Nxe1 22. Rxe1 dxe5) 19. Rxe5+ $16 Kd7 20. d6 Qb6 21. b3 (21. Bxf7 $2 Bxc2+ 22. Kc1 Bxd1 23. Kxd1 Qxd6 $19) 21... Bxd6 22. Rf5 (22. Bxf7 $6 Rhd8 $11) (22. bxa4 $16 {[%cal Oc4b5] Bb5+! is the strong threat.} Rhd8 23. Bb3 (23. Bxf7 $2 Nd5+ $19) (23. a5 Qc7 $14) 23... Nxc2 24. Qxd6+ (24. Kc1 $2 Na1 $19) 24... Qxd6 25. Rxd6+ Kxd6 26. Kxc2) 22... f6 $1 $11 23. Nd4 Rhe8 24. c3 ({White should try} 24. bxa4 $16 {Hoping for Nb3.} Nc6+ 25. Nb5) 24... Rbc8 $1 {[%emt 0:02:31] Strongly threatening ...Rxc4.} 25. cxb4 (25. bxa4 $2 Rxc4 26. Nb5 axb5 $19) (25. Be2 $11 Rxe2 26. Qxe2 Rxc3 27. Qe6+ (27. bxa4 Nd3+ 28. Nb5 axb5 $17) 27... Kc7 28. bxa4 Nd5+ 29. Nb5+ axb5 30. Rdxd5 (30. Rfxd5 bxa4+ {[%mdl 64] Discovered Attack}) 30... bxa4+ 31. Rb5 Rc1+ 32. Ka2 Rc2+ 33. Kb1 Rc1+ 34. Ka2 Rc2+ 35. Kb1 Rc1+) 25... Rxc4 $1 $15 26. bxc4 Bxb4 {[%emt 0:00:17] Black has more active pieces.} 27. Rd5+ $2 (27. c5 $1 $15 Bxd2+ {[%mdl 64] Discovered Attack} 28. cxb6 Bxd1 29. Rd5+ Kc8 30. Nf5) 27... Kc8 $19 28. c5 (28. Qd3 Bxd1 29. Qh3+ Kb8) 28... Bxc5+ {[%emt 0:03:25] This pair of bishops is nice.} (28... Bxd2+ 29. cxb6 Bxd1 30. Nf5 $17) (28... Qb7 $142 29. c6 Qb6) 29. Ka1 Bxd1 30. Qxd1 Qa5+ 31. Kb1 {[%emt 0:00:04] aiming for Qg4+.} Qb4+ 32. Ka2 {[%emt 0:00:13] And now Qg4+ would win.} Qc4+ (32... Re5 33. Rd8+ Kb7 34. Rb8+ Kxb8 35. Nc6+ Kc7 36. Nxb4 Bxb4 37. Qg4 $16) 33. Qb3 Qxb3+ 34. Kxb3 Bxd4 35. Rxd4 {[%emt 0:00:01][%mdl 4096] Endgame KR-KR} Re2 36. Rf4 Kc7 37. h4 (37. Kc3 {keeps fighting.}) 37... Kd6 38. Kc3 Ke5 39. Rg4 g5 (39... Rxf2 40. Rxg7 a5 41. Ra7 $17) 40. hxg5 $2 (40. f3 h5 {[%mdl 64] Deflection} 41. Ra4) 40... fxg5 ({Weaker is} 40... hxg5 41. f3 $17) 41. f3 a5 42. Kd3 Rb2 (42... Ra2 $1 $19 {White must now prevent ...Ke6.} 43. Re4+ Kd5) 43. Re4+ $15 Kf6 44. Ra4 Rb5 45. g4 $1 Ke5 46. f4+ gxf4 47. Re4+ Kf6 48. Rxf4+ Kg5 49. Ra4 Kh4 50. Ke3 Kg3 51. Ke2 Re5+ 52. Kd2 Rd5+ 53. Ke3 Re5+ 54. Kd2 Kf3 55. Kd3 Rd5+ 56. Kc4 Ke4 {[%emt 0:01:41] ...Rd4+ would be deadly.} 57. Ra1 Rg5 58. Kc3 Ke3 ({Much weaker is} 58... Rxg4 $6 59. Rxa5 Rg5 60. Ra7 $17) 59. Ra4 Rc5+ 60. Kb3 Rb5+ 61. Kc3 Rg5 62. Kb3 Rc5 63. Ra1 Kf4 64. Ra4+ $1 Kg5 65. Kb2 Kh4 66. Kb3 Kg3 67. Kb2 Kf3 68. Kb3 (68. Rd4 $11 {keeps the balance.}) 68... Rg5 (68... Rc7 $1 $17) 69. Kc2 $2 (69. Kc3 $11) 69... Rxg4 $19 70. Rxa5 {[%emt 0:00:06] [#] Black mates.} Rg5 $1 71. Ra6 h5 72. Kd2 {[%emt 0:00:38] [#]} h4 $1 73. Rf6+ Kg2 74. Ke2 h3 75. Rf2+ Kg3 76. Rf3+ Kg4 77. Kf2 h2 78. Rg3+ Kh4 79. Rxg5 h1=Q {[%emt 0:00:13] KQ-KR} ({Stronger than} 79... h1=B 80. Rg7 Bc6 81. Ke3 $11) 80. Rg2 Qh3 81. Rg1 Qf5+ 82. Ke2 Qe4+ 83. Kf2 Qd4+ 84. Kg2 Qe3 85. Kf1 Qf3+ 86. Ke1 Kh3 87. Rf1 Qe3+ 88. Kd1 Kg2 89. Rf8 Qd4+ {[%emt 0:00:28] A wild game. A cool game by Stocek.   Weighted Error Value: White=0.32/Black=0.23 (precise)} 0-1

[Event "26th OIBM 2023"]
[Site "Gmund am Tegernsee"]
[Date "2023.11.05"]
[Round "9.6"]
[White "Schmider, Niklas"]
[Black "Mastrovasilis, Dimitrios"]
[Result "0-1"]
[ECO "B46"]
[WhiteElo "2395"]
[BlackElo "2573"]
[Annotator "TA"]
[PlyCount "98"]
[EventDate "2023.10.04"]
[EventType "swiss"]
[EventCountry "GER"]
[SourceTitle "playchess.com"]
[Source "ChessBase"]
[SourceQuality "1"]
[TimeControl "40/5400+30:1800+30"]

1. e4 c5 2. Nf3 e6 3. d4 cxd4 4. Nxd4 Nc6 5. Nc3 a6 6. Nxc6 bxc6 7. Bd3 d5 8. O-O Nf6 9. Re1 Be7 {[%emt 0:00:22] B46: Sicilian: Taimanov: 5 Nc3 a6.} 10. Qf3 O-O 11. Bf4 Re8 $5 {[%emt 0:05:03][%mdl 4] The position is equal. Exploring less charted territory.} 12. Rad1 {[%emt 0:06:04] [#]} (12. Na4 $14) 12... e5 $1 $15 13. Bxe5 Bg4 14. Qg3 Bxd1 15. Rxd1 {[%emt 0:00:03] [#]} g6 $146 (15... Nh5 $1 $15 16. Qf3 Bf6 17. Bxf6 Nxf6) ({Predecessor:} 15... Nh5 16. Qf3 Bf6 17. Bxf6 Nxf6 18. exd5 cxd5 19. h3 Qa5 20. a3 Rad8 21. Ne2 Qb6 {0-1 Van Riemsdijk,H (2390)-Jansa,V (2499) Wch Seniors 20th 2010 (5)}) 16. exd5 ({Better is} 16. Qf3 $1 $11) 16... Nxd5 17. Nxd5 Qxd5 18. Bc3 Rad8 (18... Bd6 $5 19. f4 Bb4 $17) 19. h3 Bd6 (19... Qxa2 20. Qe5 f6 21. Qe4 $14) 20. f4 Bf8 21. Kh2 Qh5 22. Rf1 a5 23. Be5 {[%emt 0:12:26] A strong pair of Bishops.} Bg7 24. Bxg7 (24. Bc4 $2 Rxe5 25. Bxf7+ (25. fxe5 $2 Bxe5 26. Rf4 Qh6 $19 {[%mdl 64] Pin}) 25... Kh8 $19) 24... Kxg7 25. f5 Rd7 {[%emt 0:06:56] Wards off Qc7} 26. Rf4 Qh6 27. Bc4 Kh8 28. fxg6 fxg6 29. Bf7 Rf8 30. Rh4 $1 Qg7 31. Bxg6 Qf6 (31... Rg8 $2 32. Rxh7+ Qxh7 33. Qe5+ Rgg7 34. Bxh7 $18) 32. Bd3 Rg7 33. Qe1 Rfg8 34. Be4 (34. g3 $11) 34... Re8 ({Black should try} 34... Qe5+ $15 35. g3 Rf8) 35. c3 (35. g3 Qxb2 36. Qf2 Qe5 $15) (35. b3 $11 {keeps the balance.}) 35... a4 $36 {[%emt 0:02:06][%cal Ba5a4,Ba4a3][%mdl 3104] Black has strong compensation. Black has strong initiative. Black is more active.} 36. b3 (36. Kg1 $17 {is a better defense.}) 36... a3 $1 $19 (36... axb3 37. axb3 c5 38. Kh1 $17) 37. Kg1 (37. Kh1 {was worth a try.}) 37... Qg5 (37... Qe7 $1 $19 {Strongly threatening ...Rf8.} 38. Qf2 Rf8) 38. Qf2 $17 {[%emt 0:00:46][%cal Oe4h7] Prevents Rf8} Qc1+ 39. Kh2 {[%emt 0:00:24][%cal Oe4h7] aiming for Bxh7!} Qxc3 40. Qf4 Qe5 41. Bxc6 {[%emt 0:22:22] [#]} Qxf4+ $1 42. Rxf4 {[%emt 0:00:03][%mdl 4096] Endgame KRR-KRB} Re2 {[%emt 0:00:52][%cal Og7a7] Threatens to win with ...Ra7!} 43. Ra4 {[%emt 0:05:40] [#] Repels Ra7} (43. Rf8+ $2 Rg8 44. Rxg8+ Kxg8 45. Bd5+ Kg7 $19) (43. b4 $1 $15) 43... Rg6 ({Inferior is} 43... Rxa2 44. b4 Rg5 45. b5 $17) (43... Rc7 $1 $19 44. Ra6 (44. Ra8+ $2 Kg7 $19) 44... Rxa2) 44. Bd5 (44. Ra8+ $1 $15 Kg7 45. Ra7+ Kh6 46. Bf3 Rxa2 47. h4) 44... Rd6 45. Ra5 (45. Bc4 Rxa2 46. Kg3) 45... Rxa2 $19 46. b4 $2 (46. Kg3 Rb2 47. b4) 46... Rb2 {[%emt 0:00:44] ...Rd2 is the strong threat. Black is clearly winning.} 47. Bf3 (47. h4 $142) 47... a2 ({Weaker is} 47... Rxb4 48. Rxa3 Kg7 49. g4 $17) 48. b5 Rdd2 {[%emt 0:00:25] White must now prevent ...Rb1.} 49. Be4 Rd1 {[%emt 0:00:50] Weighted Error Value: White=0.56/Black=0.25 (precise)} 0-1